 Dungeon Crawl Stone Soup version 0.17-a0-1435-geafbe2f (webtiles) character file.

7235 Malachi the Artisan of Death (level 10, -12/71 HPs)
             Began as a Demonspawn Necromancer on June 26, 2015.
             Was a Priest of Kikubaaqudgha.
             Mangled by a six-headed hydra (18 damage)
             ... on level 2 of the Lair of Beasts.
             The game lasted 00:33:31 (12423 turns).

Malachi the Artisan of Death (DsNe)                Turns: 12423, Time: 00:33:31

Health: -12/71     AC: 15    Str:  4 (7)  XL:     10   Next: 88%
Magic:  8/22       EV: 15    Int: 20      God:    Kikubaaqudgha [***...]
Gold:   608        SH:  0    Dex: 13      Spells: 5 memorised, 13 levels left

rFire  + . .     SeeInvis .     y - +2 flail (protect)
rCold  . . .     Clarity  .     A - +1 robe {rF+}
rNeg   . . .     SustAt   .     (no shield)
rPois  +         Gourm    .     (helmet restricted)
rElec  .         Spirit   .     J - +2 cloak
rCorr  .         Warding  .     H - +2 pair of gloves
rMut   .         Stasis   .     (no boots)
MR     .....                    (no amulet)
Stlth  +++.......               (no ring)
                                (no ring)

@: not resistant to hostile enchantments, fairly stealthy
A: horns 2, icy blue scales 1, blurry vision 1, demonic guardian 1, poison
resistance, spiny 1, weak 1
a: Receive Corpses, Renounce Religion


You were on level 2 of the Lair of Beasts.
You worshipped Kikubaaqudgha.
Kikubaaqudgha was most pleased with you.
You were very hungry.

You visited 3 branches of the dungeon, and saw 11 of its levels.

You collected 608 gold pieces.

Inventory:

Hand weapons
 y - a +2 flail of protection (weapon)
Missiles
 o - 9 javelins (quivered)
Armour
 A - a +1 robe of fire resistance (worn)
 H - a +2 pair of gloves (worn)
 J - a +2 cloak (worn)
Magical devices
 u - a wand of draining (8)
Scrolls
 g - 2 scrolls of immolation
 j - a scroll of magic mapping
 m - 5 scrolls of remove curse
 x - a scroll of identify
 M - a scroll of teleportation
Potions
 i - 6 potions of curing
 s - 2 potions of agility
 t - a potion of lignification
Books
 a - Kikubaaqudgha's Collected Works on Evil Magic
   (Kikubaaqudgha gifted it to you on level 1 of the Lair of Beasts)

   Spells                             Type                      Level
   a - Animate Dead                   Necromancy                   4
   b - Excruciating Wounds            Charms/Necromancy            5
   c - Dispel Undead                  Necromancy                   5
   d - Simulacrum                     Ice/Necromancy               6
   e - Death Channel                  Necromancy                   6
 b - a book of Necromancy

   Spells                             Type                      Level
   a - Pain                           Necromancy                   1
   b - Animate Skeleton               Necromancy                   1
   c - Vampiric Draining              Necromancy                   3
   d - Regeneration                   Charms/Necromancy            3
   e - Animate Dead                   Necromancy                   4
   f - Control Undead                 Necromancy                   4
 v - a book of Summonings

   Spells                             Type                      Level
   a - Recall                         Summoning/Translocation      3
   b - Aura of Abjuration             Summoning                    5
   c - Shadow Creatures               Summoning                    5
   d - Summon Demon                   Summoning                    5
   e - Summon Forest                  Summoning/Translocation      5
   f - Summon Mana Viper              Hexes/Summoning              5
 I - Kikubaaqudgha's Catalogue of Stolen Souls
   (Kikubaaqudgha gifted it to you on level 7 of the Dungeon)

   Spells                             Type                      Level
   a - Pain                           Necromancy                   1
   b - Corpse Rot                     Necromancy                   2
   c - Sublimation of Blood           Necromancy                   2
   d - Vampiric Draining              Necromancy                   3
   e - Control Undead                 Necromancy                   4
 L - a book of Unlife

   Spells                             Type                      Level
   a - Recall                         Summoning/Translocation      3
   b - Animate Dead                   Necromancy                   4
   c - Control Undead                 Necromancy                   4
   d - Cigotuvi's Embrace             Necromancy                   5
   e - Death Channel                  Necromancy                   6
   f - Simulacrum                     Ice/Necromancy               6
Comestibles
 c - 8 bread rations
 l - 5 meat rations
 n - 3 beef jerkies
 G - 12 royal jellies


   Skills:
 + Level 3.8 Fighting
 + Level 4.2 Maces & Flails
 + Level 7.1 Dodging
 + Level 4.9 Stealth
 + Level 8.3 Spellcasting
 + Level 11.0 Necromancy
 + Level 0.2 Evocations


You had 13 spell levels left.
You knew the following spells:

 Your Spells              Type           Power        Failure   Level  Hunger
a - Pain                  Necr           ####         1%          1    None
b - Vampiric Draining     Necr           ######....   1%          3    None
c - Animate Dead          Necr           N/A          1%          4    ###....
r - Corpse Rot            Necr           N/A          1%          2    None
s - Sublimation of Blood  Necr           ######....   1%          2    None


Dungeon Overview and Level Annotations

Branches:
Dungeon (8/15)             Temple (1/1) D:5            Lair (2/8) D:8

Altars:
Cheibriados
Dithmenos
Kikubaaqudgha
Makhleb
Trog
Vehumet
The Shining One

Shops:
D:4 *


Innate Abilities, Weirdness & Mutations

You have a pair of horns on your head.
You are partially covered in icy blue scales (AC +1).
A weak demonic guardian rushes to your aid.
You are partially covered in sharp spines.
Scrolls take you a little longer to read.
Your system is resistant to poisons.
You are weak. (Str -2)


Message History

The six-headed hydra is struck by your spines.
The six-headed hydra bites you but does no damage. x2
The six-headed hydra barely misses you. The six-headed hydra bites you.
The six-headed hydra closely misses you.
The six-headed hydra bites you!
* * * LOW HITPOINT WARNING * * *
Your crimson imp closely misses the six-headed hydra.
Casting: Vampiric Draining
Confirm with . or Enter, or press ? or * to list all spells.
Aiming: Vampiric Draining
Press: ? - help, Shift-Dir - straight line, f/p - six-headed hydra
Aim: a six-headed hydra (severely wounded)
The six-headed hydra is almost dead.
You feel life coursing into your body. The six-headed hydra bites you.
* * * LOW HITPOINT WARNING * * *
The six-headed hydra bites you!
* * * LOW HITPOINT WARNING * * *
The six-headed hydra bites you!!
You die...
Kikubaaqudgha rasps: "You have failed me!
Welcome... death!"

.....# ...
####....###.P ...
..P#....##P.#### ....
.........#.+...##....
.....................
.....................
.....................
............@5.......
.#..#..".#.##D##....
#..<.###...# .
#....P#....#
#....##.....
#....##....#.
......+........
.......##..... ..
........+..:..#....


You could see a six-headed hydra and a friendly crimson imp.

Vanquished Creatures
  A queen ant (Lair:1)
  A black mamba (Lair:1)
  A spiny frog (Lair:1)
  3 komodo dragons (Lair:1)
  A hungry ghost (D:8)
  7 soldier ants (Lair:1)
  2 wargs (D:8)
  2 orc warriors
  A water moccasin (D:4)
  2 porcupines (Lair:1)
  An ice beast (Lair:1)
  3 phantoms
  An ogre (D:4)
  4 centaurs
  6 giant frogs
  A gnoll sergeant (D:5)
  A scorpion (D:5)
  9 killer bees (D:8)
  4 crimson imps
  4 jellies (D:8)
  8 orc wizards
  A hound (D:7)
  5 orc priests
  2 iguanas
  A quasit (D:5)
  26 worker ants
  A hound zombie (D:7)
  2 gnolls (D:5)
  5 adders
  6 river rats (Lair:1)
  A shadow imp (D:6)
  7 oozes
  7 worms
  3 giant geckos
  39 orcs
  2 bat skeletons
  14 hobgoblins
  2 quokkas
  4 ball pythons
  A ball python skeleton (D:5)
  12 bats
  5 giant cockroaches
  A giant gecko zombie (D:6)
  5 giant newts
  17 goblins
  9 jackals
  14 kobolds
  19 rats
  A fungus (Lair:1)
275 creatures vanquished.

Vanquished Creatures (collateral kills)
  A spiny frog (Lair:1)
  A phantom (D:5)
  An ogre (D:6)
  A crimson imp (D:8)
  An orc wizard (D:8)
  A giant frog skeleton (D:5)
  A worker ant (Lair:1)
  A gnoll (D:5)
  A worm (D:4)
  A kobold (D:6)
10 creatures vanquished.

Grand Total: 285 creatures vanquished

Notes
Turn   | Place    | Note
--------------------------------------------------------------
     0 | D:1      | Malachi the Demonspawn Necromancer began the quest for the Orb.
     0 | D:1      | Reached XP level 1. HP: 13/13 MP: 3/3
   575 | D:1      | Gained mutation: You are partially covered in icy blue scales (AC +1). [demonic ancestry]
   575 | D:1      | Reached XP level 2. HP: 17/19 MP: 1/5
   706 | D:1      | Reached skill level 5 in Necromancy
  1208 | D:2      | Gained mutation: You are partially covered in sharp spines. [demonic ancestry]
  1208 | D:2      | Reached XP level 3. HP: 22/24 MP: 3/6
  3021 | D:3      | Reached XP level 4. HP: 28/30 MP: 5/8
  3024 | D:3      | Found a glowing golden altar of the Shining One.
  4074 | D:4      | Reached skill level 6 in Necromancy
  4074 | D:4      | Reached XP level 5. HP: 31/35 MP: 4/10
  4142 | D:4      | Learned a level 3 spell: Vampiric Draining
  4147 | D:4      | Learned a level 4 spell: Animate Dead
  4253 | D:4      | Noticed a moth of wrath
  4255 | D:4      | Found a bloodstained altar of Trog.
  4261 | D:4      | Found Plog's Serpentskin Sales.
  4261 | D:4      | Noticed a water moccasin
  4283 | D:4      | Killed a water moccasin
  4387 | D:4      | Reached XP level 6. HP: 33/41 MP: 5/11
  4554 | D:4      | Found a snail-covered altar of Cheibriados.
  4565 | D:4      | Noticed a phantom
  4591 | D:4      | Killed a phantom
  5032 | D:4      | Reached skill level 1 in Fighting
  5035 | D:4      | Reached skill level 7 in Necromancy
  5046 | D:4      | Gained mutation: You have a pair of small horns on your head. [demonic ancestry]
  5046 | D:4      | Reached XP level 7. HP: 45/48 MP: 13/13
  5339 | D:4      | Found a radiant altar of Vehumet.
  5339 | D:4      | Found a burning altar of Makhleb.
  5339 | D:4      | Noticed an ogre
  5350 | D:4      | Killed an ogre
  5657 | D:5      | Entered Level 5 of the Dungeon
  6071 | D:5      | Reached skill level 1 in Maces & Flails
  6113 | D:5      | Reached skill level 5 in Spellcasting
  6575 | D:5      | Gained mutation: A weak demonic guardian rushes to your aid. [demonic ancestry]
  6575 | D:5      | Reached XP level 8. HP: 47/54 MP: 14/16
  6799 | D:5      | Reached skill level 8 in Necromancy
  7018 | D:5      | Found a staircase to the Ecumenical Temple.
  7250 | Temple   | Entered the Ecumenical Temple
  7256 | Temple   | Became a worshipper of Kikubaaqudgha
  8458 | D:7      | Acquired Kikubaaqudgha's first power
  8458 | D:7      | Received a gift from Kikubaaqudgha
  8461 | D:7      | Identified Kikubaaqudgha's Catalogue of Stolen Souls (Kikubaaqudgha gifted it to you on level 7 of the Dungeon)
  9133 | D:7      | Reached XP level 9. HP: 53/61 MP: 7/18
  9394 | D:7      | Learned a level 2 spell: Sublimation of Blood
  9401 | D:8      | Found a staircase to the Lair.
  9429 | D:8      | Reached skill level 9 in Necromancy
  9908 | D:8      | Reached skill level 5 in Dodging
 10331 | D:8      | Acquired Kikubaaqudgha's second power
 10485 | Lair:1   | Entered Level 1 of the Lair of Beasts
 10593 | Lair:1   | Noticed a black mamba
 10600 | Lair:1   | Killed a black mamba
 10865 | Lair:1   | Reached XP level 10. HP: 38/70 MP: 16/20
 10946 | Lair:1   | Noticed a komodo dragon
 10964 | Lair:1   | Killed a komodo dragon
 11149 | Lair:1   | Noticed a spiny frog
 11155 | Lair:1   | Noticed a spiny frog
 11158 | Lair:1   | Killed a spiny frog
 11162 | Lair:1   | Killed a spiny frog
 11462 | Lair:1   | Noticed a komodo dragon
 11470 | Lair:1   | Killed a komodo dragon
 11470 | Lair:1   | Reached skill level 10 in Necromancy
 11553 | Lair:1   | Learned a level 2 spell: Corpse Rot
 11776 | Lair:1   | Noticed a queen ant
 11908 | Lair:1   | Killed a queen ant
 12120 | Lair:1   | Received a gift from Kikubaaqudgha
 12124 | Lair:1   | Reached skill level 11 in Necromancy
 12126 | Lair:1   | Identified Kikubaaqudgha's Collected Works on Evil Magic (Kikubaaqudgha gifted it to you on level 1 of the Lair of Beasts)
 12375 | Lair:2   | Gained mutation: You have a pair of horns on your head. [potion of beneficial mutation]
 12382 | Lair:2   | Gained mutation: Your system is resistant to poisons. [potion of mutation]
 12382 | Lair:2   | Gained mutation: You are weak. (Str -2) [potion of mutation]
 12382 | Lair:2   | Gained mutation: Scrolls take you a little longer to read. [potion of mutation]
 12417 | Lair:2   | Noticed a six-headed hydra
 12423 | Lair:2   | Mangled by a six-headed hydra

Vault maps used:
D:1:      minmay_arrival_five_plusses
D:2:      serial_co_window_serial, co_window_paths_a, co_window_cross_1,
          co_window_corner_a, co_window_corner_a, co_window_of_opportunity_a,
          co_window_corner_a, co_window_paths_b, co_window_broadway_c,
          co_window_corner_b, co_window_broadway_c, co_window_of_opportunity_b,
          co_window_4corner_a
D:3:      lemuel_doored_altar, first_bread, serial_bayou_lake_a
D:4:      lemuel_upstairs_altar, tgw_trog, cheibriados_altar_1,
          grunt_temple_overflow_lords_of_destruction, guppyfry_shop_venom
D:5:      temple_hall_moat, saegor_snake_ambush
D:6:      kennysheep_generic_room_15
D:8:      erik_lair_orcish_takeover, hangedman_little_slice_of_home,
          small_statue_intersection
Temple:   water_room_temple_a_12
Lair:1:   zaba_antful_of_joy

Action                   |  1- 3 |  4- 6 |  7- 9 | 10-12 || total
-------------------------+-------+-------+-------+-------++-------
Melee: Unarmed           |     4 |       |       |       ||     4
       Flail             |       |    75 |   253 |    67 ||   395
Throw: Javelin           |    10 |       |       |       ||    10
 Cast: Pain              |   102 |    63 |     5 |     3 ||   173
       Animate Dead      |       |     3 |    23 |     2 ||    28
       Vampiric Draining |       |     2 |    20 |    37 ||    59
       Corpse Rot        |       |       |       |     2 ||     2
Evoke: Wand              |       |       |       |     3 ||     3
  Use: Scroll            |     2 |       |       |    10 ||    12
       Potion            |       |       |       |    13 ||    13
 Stab: Sleeping          |     1 |     1 |    14 |       ||    16
       Distracted        |       |       |       |     2 ||     2
  Eat: Chunk             |     6 |     6 |    10 |       ||    22
       Fruit             |     1 |     1 |    14 |     1 ||    17
       Pizza             |       |       |     1 |       ||     1
       Bread ration      |       |       |       |     1 ||     1
